 Dungeon Crawl Stone Soup version 0.30.0-29-ga12c61a403 (webtiles) character file.

Game seed: 16124012784823214193

1785 MissSlay the Gouger (level 8, -29/51 (55) HPs)
             Began as a Felid Berserker on June 11, 2023.
             Was a Priest of Trog.
             Killed from afar by Josephine (30 damage)
             ... with a ghostly fireball
             ... on level 10 of the Dungeon.
             The game lasted 00:32:43 (12550 turns).

MissSlay the Gouger (Felid Berserker)              Turns: 12550, Time: 00:32:46

HP:   -29/51 (55)   AC:  2    Str: 21    XL:     8   Next: 81%
MP:   9/9           EV: 25    Int:  8    God:    Trog [***...]
Gold: 430           SH:  0    Dex: 19    Spells: 7/7 levels left
                                        Lives: 0   Deaths: 3

rFire   . .          .
                       - Unarmed
rCold   . . .        (shield unavailable)
rNeg    . . .        (body armour unavailable)
rPois   .            (helmet unavailable)
rElec   .            (cloak unavailable)
rCorr   .            (gloves unavailable)
SInv    +            (boots unavailable)
Will    +....        (no amulet) Stlth
                     a - +4 ring of slaying
HPRegen 0.28/turn    r - +6 ring of strength
MPRegen 0.11/turn

%: no passive effects
@: berserking (expiring), slowed, drained, quick
A: very small, claws 1, fangs 3, see invisible, speed 1, shaggy fur 2, stealthy
paws, no weapons or thrown items, no armour, multi-lived, screaming 1, wild
magic 1, MP-powered wands
a: Renounce Religion, Berserk, Trog's Hand


You were on level 10 of the Dungeon.
You worshipped Trog.
Trog was most pleased with you.
You visited 1 branch of the dungeon, and saw 10 of its levels.

You collected 613 gold pieces.
You spent 183 gold pieces at shops.

Inventory:

Jewellery
 a - a +4 ring of slaying (left paw)
 k - a ring of resist corrosion
 n - an amulet of faith
 r - a +6 ring of strength (right paw)
 y - a +6 ring of dexterity
 A - a ring of magical power
Wands
 h - a wand of roots (13)
 i - a wand of acid (5)
 m - a wand of digging (5)
 o - a wand of flame (57)
 v - a wand of charming (9)
Scrolls
 d - 4 scrolls of immolation
 e - 3 scrolls of amnesia
 f - 2 scrolls of brand weapon
 j - 4 scrolls of fear
 l - 7 scrolls of teleportation
 p - a scroll of vulnerability
 q - 3 scrolls of poison
 s - a scroll of torment
 u - 2 scrolls of identify
Potions
 b - 4 potions of might
 c - 2 potions of heal wounds
 g - 4 potions of curing
 t - 2 potions of brilliance
 w - a potion of flight
 x - 2 potions of attraction
 z - a potion of berserk rage


   Skills:
 + Level 5.0 Fighting
 + Level 10.2 Dodging
 + Level 6.8 Stealth
 + Level 12.7 Unarmed Combat


You had 7 spell levels left.
You didn't know any spells.
Your spell library was empty.

Dungeon Overview and Level Annotations

Branches:
Dungeon (10/15)            Temple (0/1) D:5            Lair (0/5) D:10
    Orc: D:9-12

Altars:
Gozag
Kikubaaqudgha
Sif Muna
Trog
Vehumet
Xom
The Shining One

Shops:
D:7 (   D:8 *

Annotations:
D:9 1 runed translucent door, hawla's ghost, novice MeFE
D:10 Fannar; Josephine


Innate Abilities, Weirdness & Mutations

You have sharp claws.
You have razor-sharp teeth.
You have supernaturally acute eyesight. (SInv)
You cover ground quickly. (Speed+)
You are covered in thick fur. (AC +2)
Your paws help you pounce on unaware monsters.
You are incapable of wielding weapons or throwing items.
You cannot wear armour.
You gain extra lives every three experience levels.
You occasionally shout uncontrollably at your foes.
Your spells are a little harder to cast, but a little more powerful.
You expend magic power (3 MP) to strengthen your wands.


Message History

Trog accepts your kill.
Your Fighting skill increases to level 5!
You claw the electric eel!
The electric eel is heavily wounded.
The wraith completely misses you.
A wraith comes into view.
The wraith closely misses you.
You claw the electric eel!
You kill the electric eel!
Trog accepts your kill.
You hear a splash.
You mangle the wraith!! You bite the wraith!
The wraith is almost destroyed.
The wraith hits you! The wraith drains your vigour!
You feel yourself slow down. The wraith misses you.
You are too injured to fight recklessly!
You are too injured to fight recklessly!
You barely miss the wraith. The wraith closely misses you.
The wraith completely misses you.
You claw the wraith!
The wraith is heavily damaged.
You claw the wraith!
The wraith is almost destroyed.
The wraith barely misses you. The wraith hits you!
* * * LOW HITPOINT WARNING * * *
The wraith completely misses you.
You claw the wraith!
You destroy the wraith!
Trog accepts your kill.
Josephine hits you with a +2 dagger of venom!
* * * LOW HITPOINT WARNING * * *
The wraith misses you. The wraith closely misses you.
You mangle the wraith!!
You destroy the wraith!
Trog accepts your kill. Josephine casts a spell at you.
The ghostly flame explodes!
The ghostly fireball engulfs you!!
You feel drained.
Ouch! That really hurt!
You die...

#.# ###'#
.......######+### #....
................# #....
.......$........# #....
[...............####....
...~............##.'....
.≈≈≈≈≈..........'..#....
≈≈>=l≈W.........#######+
≈...≈≈W@........#
≈≈.?W≈@....###'##
≈≈.≈..~....##..#
.≈≈≈~.........##
..~~.......+## #
............ .
.............
..............


You could see Josephine, a basilisk and 3 wraiths.

Vanquished Creatures
  A hornet (D:8)
  3 shadows
  3 wraiths (D:10)
  A wyvern (D:9)
  6 yaks (D:7)
  2 steam dragons
  2 water moccasins (D:6)
  An ice beast (D:7)
  3 orc warriors
  2 sky beasts (D:6)
  A centaur (D:8)
  2 ogres
  A phantom (D:6)
  2 kobold brigands (D:8)
  4 gnoll sergeants
  3 bullfrogs
  3 scorpions
  4 wights (D:9)
  4 howler monkeys
  2 electric eels (D:10)
  A jelly (D:5)
  4 orc priests
  Crazy Yiuf (D:4)
  4 hounds
  7 iguanas
  A sleepcap (D:4)
  5 orc wizards
  A mummy (D:5)
  15 adders
  21 gnolls
  A river rat (D:4)
  A shadow imp (D:6)
  2 ufetubi (D:6)
  3 worms
  4 dart slugs
  19 orcs
  4 endoplasms
  3 giant cockroaches
  2 goblins
  6 hobgoblins
  4 jackals (D:1)
  19 kobolds
  3 quokkas
  5 ball pythons
  6 bats
  A frilled lizard (D:2)
  5 rats
198 creatures vanquished.

Notes
Turn   | Place    | Note
-------+----------+-------------------------------------------
     0 | D:1      | MissSlay the Felid Berserker began the quest for the Orb.
     0 | D:1      | Reached XP level 1. HP: 10/10 MP: 2/2
   571 | D:1      | Reached XP level 2. HP: 14/14 MP: 3/3
  1363 | D:2      | Reached XP level 3. HP: 10/17 MP: 4/4
  1928 | D:2      | Found a bloodstained altar of Trog.
  2144 | D:2      | Reached skill level 4 in Unarmed Combat
  2144 | D:2      | Reached XP level 4. HP: 10/21 MP: 5/5
  2549 | D:2      | Reached skill level 1 in Stealth
  3252 | D:3      | Reached ** piety under Trog
  3257 | D:3      | Reached skill level 5 in Dodging
  3259 | D:3      | Reached XP level 5. HP: 24/24 MP: 6/6
  3373 | D:3      | Found a faded altar of an unknown god.
  3674 | D:4      | Found a glowing drain.
  4058 | D:4      | Reached skill level 5 in Unarmed Combat
  4215 | D:4      | Found a runed translucent door.
  4216 | D:4      | Noticed Crazy Yiuf
  4443 | D:4      | Gained mutation: You are covered in thick fur. (AC +2)
                  | [Felid growth]
  4443 | D:4      | Reached XP level 6. HP: 11/28 MP: 7/7
  4448 | D:4      | HP: 1/28 [poisoned by a scorpion]
  4758 | D:4      | Found a radiant altar of Vehumet.
  5255 | D:4      | Killed Crazy Yiuf
  5295 | D:5      | Entered Level 5 of the Dungeon
  5315 | D:5      | Reached skill level 6 in Unarmed Combat
  5757 | D:5      | Reached XP level 7. HP: 29/31 MP: 8/8
  5775 | D:5      | Found a staircase to the Ecumenical Temple.
  5790 | D:5      | Found a glowing golden altar of the Shining One.
  6167 | D:5      | Slain by a gnoll sergeant
  6168 | D:5      | Reached XP level 6. HP: -1/42 MP: 7/7
  6350 | D:5      | Reached skill level 7 in Unarmed Combat
  6683 | D:6      | Reached XP level 7. HP: 32/32 MP: 8/8
  6940 | D:5      | Gained mutation: You occasionally shout uncontrollably at
                  | your foes. [potion of mutation]
  6940 | D:5      | Gained mutation: You expend magic power (3 MP) to
                  | strengthen your wands. [potion of mutation]
  6940 | D:5      | Gained mutation: Your spells are a little harder to cast,
                  | but a little more powerful. [potion of mutation]
  7217 | D:6      | Reached skill level 8 in Unarmed Combat
  7379 | D:6      | Reached XP level 8. HP: 13/36 MP: 9/9
  7861 | D:6      | Reached skill level 5 in Stealth
  7861 | D:6      | Reached skill level 9 in Unarmed Combat
  8293 | D:7      | Reached skill level 10 in Unarmed Combat
  8296 | D:7      | Reached XP level 9. HP: 16/39 MP: 10/10
  8889 | D:7      | Reached skill level 11 in Unarmed Combat
  8930 | D:7      | Found Lumil's Antique Weapon Shoppe.
  8967 | D:7      | Found a shimmering altar of Xom.
  9211 | D:7      | Reached *** piety under Trog
  9276 | D:7      | Found an ancient bone altar of Kikubaaqudgha.
  9455 | D:8      | Found Vaod's Assorted Antiques.
  9459 | D:8      | Bought a potion of might for 108 gold pieces
  9459 | D:8      | Bought a scroll labelled IKOINE ZUUFEJU for 27 gold pieces
  9459 | D:8      | Bought a glowing silvery potion for 24 gold pieces
  9459 | D:8      | Bought an orange potion for 24 gold pieces
  9981 | D:8      | Found a bloodstained altar of Trog.
 10185 | D:8      | Found an opulent altar of Gozag.
 10185 | D:8      | Found a shimmering blue altar of Sif Muna.
 10243 | D:9      | Reached skill level 12 in Unarmed Combat
 10319 | D:9      | Found a runed translucent door.
 10319 | D:9      | Noticed hawla's ghost (novice MeFE)
 10333 | D:9      | Reached XP level 10. HP: 42/43 MP: 11/11
 10342 | D:9      | Slain by a wight
 10343 | D:9      | Reached XP level 9. HP: 0/55 MP: 10/10
 11191 | D:9      | Reached skill level 10 in Dodging
 11776 | D:10     | Entered Level 10 of the Dungeon
 11912 | D:10     | Found a staircase to the Lair.
 12433 | D:10     | Noticed Fannar
 12472 | D:10     | Demolished by Fannar
 12473 | D:10     | Reached XP level 8. HP: -21/36 MP: 9/9
 12537 | D:10     | Noticed Josephine
 12543 | D:10     | Reached skill level 5 in Fighting
 12549 | D:10     | HP: 1/55 [Josephine/+2 dagger of venom (10)]
 12550 | D:10     | Killed from afar by Josephine

Illustrated notes

Levels and vault maps discovered:
D:1:      grunt_arrival_crossed_arrows, layout_basic, minmay_ruptured
D:2:      layout_basic, basic_altar, minmay_puff
D:3:      layout_rooms, hellmonk_ecumenical_altar_run_dry, kennysheep_doodads,
          st_stairs_12, grunt_ministairs_7, minmay_misc_feat_enclosed
D:4:      layout_loops_corners, vehumet_altar_wand_db,
          cheibrodos_sewer_entry_sluice, uniq_crazy_yiuf_cottage
D:5:      layout_loops_ring, mainiacjoe_overflow_brackets,
          minmay_temple_entry_statues_pillars, gup_ossuary_entry_pyramid,
          chequers_mini_garden, kennysheep_generic_room_2
D:6:      kennysheep_spiral_hall, layout_loops_ring
D:7:      layout_loops_ring, xom_teletrap_fun, mainiacjoe_overflow_boulevard,
          serial_shops, shop
D:8:      layout_gridville, bloody_trog, gammafunk_temple_overflow_elements,
          serial_shops, nicolae_shop_back_alley_shop
D:9:      layout_basic, hellmonk_ghost_happy_afterlife
D:10:     layout_roguey, lair_entry_dummy, disabler_island, uniq_fannar,
          uniq_josephine

Skill      XL: |  1  2  3  4  5  6  7  8  9 |
---------------+----------------------------+-----
Unarmed Combat | 4 5 7 8 10 12 | 12.7
Stealth        | 1 2 3 4 5 6 |  6.8
Dodging        | 5 6 8 10 | 10.2
Fighting       | 4 5 |  5.0

Action                     |  1- 3 |  4- 6 |  7- 9 | 10-12 || total
---------------------------+-------+-------+-------+-------++-------
  Melee: Unarmed           |    89 |   175 |   291 |     9 ||   564
         Bite              |    11 |    19 |    42 |       ||    72
         Punch             |     3 |     8 |    21 |       ||    32
 Invoke: Berserk           |     4 |    11 |    27 |       ||    42
    Use: Scroll            |       |     7 |     8 |       ||    15
         Potion            |       |     4 |     7 |       ||    11
   Stab: Sleeping          |     1 |     3 |     4 |       ||     8
         Distracted        |       |       |     1 |       ||     1
 Armour: Skin              |     1 |     6 |    14 |       ||    21
  Dodge: Dodged            |    63 |   160 |   257 |     6 ||   486
